[Event "Team 45 45 League T52"]
[Site "Internet Chess Club"]
[Date "2012.03.24"]
[Round "6"]
[White "megaj"]
[Black "DarkFlow"]
[Result "1/2-1/2"]
[WhiteElo "1953"]
[BlackElo "1951"]
[Opening "Bishop's opening: Berlin defense"]
[ECO "C24"]
[Time "05:00:05"]
[TimeControl "2700+45"]

1. e4 e5 2. Bc4 Nf6 3. d3 c6 4. Nf3 d5 5. Bb3 Bd6 6. exd5 cxd5 7. Bg5 Be6 8. Nc3
Bc7 9. O-O Nc6 10. Re1 a6 11. a3 O-O 12. Bxf6 gxf6 13. Ne2 Kh8 14. Ng3 f5 15. c4
dxc4 16. Bxc4 Qf6 17. Bxe6 Qxe6 18. Rc1 {Game drawn by mutual agreement} 1/2-1/2

[Event "Team 45 45 League T52"]
[Site "Internet Chess Club"]
[Date "2012.03.24"]
[Round "6"]
[White "lechuguita"]
[Black "Egmont"]
[Result "1-0"]
[WhiteElo "1613"]
[BlackElo "1740"]
[Opening "Sicilian: accelerated fianchetto, Maróczy bind"]
[ECO "B36"]
[Time "13:01:52"]
[TimeControl "2700+45"]

1. e4 c5 2. Nf3 Nc6 3. d4 cxd4 4. Nxd4 g6 5. c4 Nf6 6. Nc3 d6 7. Be2 Nxd4 8.
Qxd4 Bg7 9. O-O O-O 10. Qe3 Be6 11. Bd2 a6 12. b3 Ng4 13. Bxg4 Bxg4 14. f3 Bd7
15. Rac1 b5 16. Nd5 Rb8 17. Bc3 Bxc3 18. Qxc3 bxc4 19. bxc4 f5 20. exf5 Bxf5 21.
Rfe1 e5 22. c5 Rc8 23. Qe3 Qa5 24. Ne7+ Kh8 25. Nxc8 Rxc8 26. cxd6 Rd8 27. g4
{Black resigns} 1-0

[Event "Team 45 45 League T52"]
[Site "Internet Chess Club"]
[Date "2012.03.26"]
[Round "6"]
[White "Deckfuel"]
[Black "eurander"]
[Result "1/2-1/2"]
[WhiteElo "1879"]
[BlackElo "2112"]
[Opening "Caro-Kann: classical variation"]
[ECO "B18"]
[Time "15:00:20"]
[TimeControl "2700+45"]

1. e4 c6 2. d4 d5 3. Nc3 dxe4 4. Nxe4 Bf5 5. Ng3 Bg6 6. N1e2 e6 7. h4 h6 8. Nf4
Bh7 9. Bc4 Nf6 10. c3 Bd6 11. Ngh5 O-O 12. Rh3 Nbd7 13. Be3 Nxh5 14. Nxh5 Bf5
15. g4 Be4 16. f3 Bd5 17. Bd3 c5 18. Qd2 cxd4 19. Bxh6 dxc3 20. bxc3 Be5 21. f4
Qc7 22. fxe5 gxh6 23. Qxh6 Qxc3+ 24. Ke2 Qb2+ 25. Ke3 Qxe5+ 26. Kd2 Qb2+ 27. Ke3
Qe5+ 28. Kd2 {Game drawn by mutual agreement} 1/2-1/2

[Event "Team 45 45 League T52"]
[Site "Internet Chess Club"]
[Date "2012.03.27"]
[Round "6"]
[White "kidviper"]
[Black "Goli"]
[Result "1-0"]
[WhiteElo "2023"]
[BlackElo "1818"]
[Opening "Pirc: classical system, 5.Be2"]
[ECO "B06"]
[Time "15:01:09"]
[TimeControl "2700+45"]

1. e4 g6 2. d4 Bg7 3. Nf3 d6 4. Nc3 Nf6 5. Be2 O-O 6. O-O Bg4 7. Be3 Nc6 8. Qd2
Bxf3 9. Bxf3 e5 10. d5 Ne7 11. Be2 Nd7 12. Nb5 f5 13. f3 a6 14. Na3 f4 15. Bf2
g5 16. c4 b6 17. b4 Ng6 18. c5 Rf7 19. cxd6 cxd6 20. Nc4 Bf8 21. a4 h5 22. a5 b5
23. Nb6 Nxb6 24. Bxb6 Qf6 25. Qc3 Be7 26. Qc6 Rff8 27. Rfc1 Nh4 28. Qd7 Kf7 29.
Rc7 Rfd8 30. Qc6 Nxg2 31. Rxe7+ Qxe7 32. Bxd8 Rxd8 33. Kxg2 g4 34. fxg4 Rg8 35.
h3 Qa7 36. Rc1 hxg4 37. Qc7+ Qxc7 38. Rxc7+ Kf6 39. Bxg4 Kg5 40. Kf3 Kh4 41. Rc6
{Black resigns} 1-0

[Event "Team 45 45 League T52"]
[Site "Internet Chess Club"]
[Date "2012.03.25"]
[Round "6"]
[White "justice02"]
[Black "kidcobra"]
[Result "0-1"]
[WhiteElo "1767"]
[BlackElo "1784"]
[Opening "English: Caro-Kann defensive system"]
[ECO "A11"]
[Time "15:30:41"]
[TimeControl "2700+45"]

1. c4 c6 2. Nf3 d5 3. cxd5 cxd5 4. d4 Nc6 5. a3 Nf6 6. Nc3 e6 7. Bf4 a6 8. e3
Bd6 9. Bg3 Bxg3 10. hxg3 Qc7 11. Bd3 h6 12. Rc1 Bd7 13. b4 b5 14. Qe2 Rc8 15. e4
O-O 16. e5 Ne8 17. Qd2 f6 18. Bg6 fxe5 19. Rxh6 gxh6 20. Qxh6 Nf6 21. Ng5 Nxd4
22. Bh7+ Kh8 23. Bb1+ Kg8 24. Qg6+ Kh8 25. Nf7+ Rxf7 26. Qxf7 Qd8 27. f3 Qf8 28.
Qxf8+ Rxf8 29. g4 Rc8 30. Kf2 Rf8 31. g5 Ng4+ 32. Kg3 Ne3 33. Rh1+ Kg8 34. Bh7+
Kg7 35. Bd3 Nef5+ 36. Kf2 Rh8 37. Re1 Rc8 38. Nd1 Nc6 39. g3 Rf8 40. Kg2 Nfd4
41. Rh1 Rh8 42. Rf1 Be8 43. f4 e4 44. Bb1 Bg6 45. Ne3 Nf5 46. Ng4 Bh5 47. Rc1
Bxg4 48. Rxc6 Bf3+ 49. Kf2 Rh2+ 50. Ke1 Ne3 51. Rxe6 Re2# {White checkmated} 0-1

[Event "Team 45 45 League T52"]
[Site "Internet Chess Club"]
[Date "2012.03.26"]
[Round "6"]
[White "julesraider"]
[Black "randallsr"]
[Result "0-1"]
[WhiteElo "1573"]
[BlackElo "1712"]
[Opening "King's Indian: 5.Nf3"]
[ECO "E90"]
[Time "20:36:21"]
[TimeControl "2700+45"]

1. d4 Nf6 2. c4 g6 3. Nc3 Bg7 4. Nf3 d6 5. e4 Bg4 6. Be2 Nbd7 7. O-O c5 8. d5
O-O 9. Rb1 a6 10. b3 Re8 11. Re1 h6 12. Qc2 b6 13. b4 cxb4 14. Rxb4 Qc7 15. Nd2
Bxe2 16. Rxe2 Rec8 17. Bb2 Nh7 18. Qb1 b5 19. a4 bxc4 20. Rxc4 Qb7 21. Rxc8+
Rxc8 22. Qa1 Nc5 23. f3 Nb3 24. Nxb3 Qxb3 25. Nd1 Bxb2 26. Rxb2 Qc4 27. Rb1 f6
28. Qa3 Nf8 29. Kf2 Qc2+ 30. Ke3 Qxb1 31. Ke2 Rc2+ 32. Ke1 Rc1 33. Qe3 Rxd1+ 34.
Kf2 Rf1+ 35. Kg3 Qe1+ 36. Kf4 Qxe3+ 37. Kxe3 Ra1 38. g4 Rxa4 39. f4 Rc4 40. Kd3
Rc5 {White resigns} 0-1

[Event "Team 45 45 League T52"]
[Site "Internet Chess Club"]
[Date "2012.03.23"]
[Round "6"]
[White "fishhead"]
[Black "PJ"]
[Result "1-0"]
[WhiteElo "1926"]
[BlackElo "1719"]
[Opening "Ruy Lopez: Wormald (Alapin) attack"]
[ECO "C77"]
[Time "15:00:50"]
[TimeControl "2700+45"]

1. e4 e5 2. Nf3 Nc6 3. Bb5 a6 4. Ba4 Nf6 5. Qe2 d6 6. c3 Be7 7. O-O O-O 8. h3 h6
9. d4 b5 10. Bc2 Nh7 11. Rd1 Qe8 12. Nbd2 Ng5 13. Nf1 Nxf3+ 14. Qxf3 Bf6 15. Be3
Qe7 16. Ng3 Bg5 17. b3 Bxe3 18. Qxe3 Qg5 19. Qe2 f6 20. Rd3 Qg6 21. Nh5 Qe8 22.
f4 g6 23. fxe5 fxe5 24. Ng3 Bd7 25. Rad1 Qe7 26. d5 Nd8 27. Qd2 Kg7 28. c4 Qh4
29. Rf1 Nf7 30. Rdf3 Ng5 31. Rxf8 Rxf8 32. Rxf8 Kxf8 33. Qe3 Ke7 34. cxb5 axb5
35. a4 bxa4 36. bxa4 Bxh3 37. gxh3 Nxh3+ 38. Kf1 Nf4 39. Qf3 Qh3+ 40. Ke1 h5 41.
Qf2 h4 42. Ne2 Nxe2 43. Kxe2 g5 44. Qf3 Qh2+ 45. Kd3 Qf4 46. Bd1 Qc1 47. Qg4
{Black resigns} 1-0

[Event "Team 45 45 League T52"]
[Site "Internet Chess Club"]
[Date "2012.03.22"]
[Round "6"]
[White "chiiwen"]
[Black "King-Ghost"]
[Result "1/2-1/2"]
[WhiteElo "2237"]
[BlackElo "2206"]
[Opening "French: Tarrasch, closed variation"]
[ECO "C05"]
[Time "23:09:52"]
[TimeControl "2700+45"]

1. e4 e6 2. d4 d5 3. Nd2 Nf6 4. e5 Nfd7 5. c3 c5 6. Bd3 Nc6 7. Ne2 Qb6 8. Nf3
cxd4 9. cxd4 f6 10. exf6 Nxf6 11. O-O Bd6 12. b3 O-O 13. Bb2 Bd7 14. Rc1 Rae8
15. Bb1 Re7 16. Qd2 e5 17. dxe5 Nxe5 18. Nxe5 Bxe5 19. Bxe5 Rxe5 20. Nd4 Ne4 21.
Qb2 Rh5 {Game drawn by mutual agreement} 1/2-1/2

[Event "Team 45 45 League T52"]
[Site "Internet Chess Club"]
[Date "2012.03.25"]
[Round "6"]
[White "LittleWarrior"]
[Black "pmcglothin"]
[Result "1-0"]
[WhiteElo "2017"]
[BlackElo "1922"]
[Opening "English opening"]
[ECO "E61"]
[Time "11:01:24"]
[TimeControl "2700+45"]

1. Nf3 Nf6 2. c4 g6 3. Nc3 Bg7 4. d4 O-O 5. Bg5 h6 6. Bxf6 exf6 7. e3 f5 8. Bd3
d6 9. Qc2 Nd7 10. O-O-O c6 11. h4 Nf6 12. h5 Nxh5 13. Rxh5 gxh5 14. Bxf5 Qf6 15.
Bh7+ Kh8 16. Rh1 Bg4 17. Ne4 Qe7 18. Nh4 d5 19. Ng3 Qg5 20. Kb1 dxc4 21. f4 Qf6
22. Bf5 Rfe8 23. Bxg4 hxg4 24. Nh5 Qe6 25. Nxg7 Kxg7 26. Nf5+ Kf8 27. Rxh6 Qxh6
28. Nxh6 Rxe3 29. Qh7 {Black resigns} 1-0

[Event "Team 45 45 League T52"]
[Site "Internet Chess Club"]
[Date "2012.03.22"]
[Round "6"]
[White "Bonneville"]
[Black "futureGM"]
[Result "1-0"]
[WhiteElo "1864"]
[BlackElo "1903"]
[Opening "Queen's bishop game"]
[ECO "D02"]
[Time "17:00:05"]
[TimeControl "2700+45"]

1. d4 d5 2. Nf3 Nf6 3. Bf4 Bf5 4. e3 e6 5. c4 Be7 6. Qb3 Qc8 7. Nc3 c6 8. Be2
O-O 9. Rc1 Ne4 10. O-O dxc4 11. Bxc4 Nd7 12. Nxe4 Bxe4 13. Nd2 Bg6 14. e4 Nf6
15. Qe3 Qd7 16. f3 a5 17. Be5 Rfd8 18. Rfd1 b6 19. Rc3 c5 20. Rd3 cxd4 21. Bxd4
Qc6 22. Bxb6 Rxd3 23. Bxd3 Rb8 24. Bd4 Rd8 25. Nb3 a4 26. Bc5 Bxc5 27. Nxc5 Qb6
28. Qf2 Ra8 29. e5 Nd5 30. Bxg6 hxg6 31. Ne4 Qxf2+ 32. Kxf2 Rb8 33. Rd2 Nf4 34.
g3 Nd5 35. f4 Kf8 36. h3 Ke7 37. Nc5 Rb4 38. a3 Rc4 39. Nb7 Rc1 40. Nd6 Rh1 41.
Rd4 Rh2+ 42. Kf3 Rxb2 43. Rxa4 Rb3+ 44. Kg4 Ne3+ 45. Kg5 Ng2 46. Ra7+ Kd8 47.
Nxf7+ Kc8 48. g4 Rxh3 49. Nd6+ Kb8 50. Rxg7 Rxa3 51. Rg8+ Kc7 52. Nb5+ {Black
resigns} 1-0

[Event "Team 45 45 League T52"]
[Site "Internet Chess Club"]
[Date "2012.03.25"]
[Round "6"]
[White "viking99"]
[Black "DarkFlow"]
[Result "0-1"]
[WhiteElo "1815"]
[BlackElo "1961"]
[Opening "Ruy Lopez: exchange variation, Alapin gambit"]
[ECO "C68"]
[Time "08:00:27"]
[TimeControl "2700+45"]

1. e4 e5 2. Nf3 Nc6 3. Bb5 a6 4. Bxc6 dxc6 5. O-O Bg4 6. h3 h5 7. d3 Qf6 8. Nbd2
Ne7 9. Re1 Ng6 10. d4 Nf4 11. dxe5 Qg6 12. Nh4 Bxd1 13. Nxg6 Nxg6 14. Rxd1 O-O-O
15. Re1 Nxe5 16. f4 Bb4 17. Re2 Ng6 18. g3 h4 19. f5 Ne5 20. g4 Bxd2 21. Bxd2
Rxd2 22. Rxd2 Nf3+ 23. Kf2 Nxd2 24. Re1 Nc4 25. b3 Ne5 26. Ke3 Rd8 27. g5 f6 28.
Rg1 c5 29. Rg2 b5 30. gxf6 gxf6 31. Rg7 Rd1 32. Rg8+ Kb7 33. Rf8 Nd7 34. Rh8 Ra1
35. Rxh4 Rxa2 36. Kd2 Ra1 37. Rh7 Kc6 38. Re7 Rh1 39. Re6+ Kb7 40. Re7 Ne5 41.
Re6 Rxh3 42. Rxf6 Rh4 43. Re6 Rxe4 44. Kc1 Nd3+ 45. cxd3 Rxe6 46. fxe6 Kc6
{White resigns} 0-1

[Event "Team 45 45 League T52"]
[Site "Internet Chess Club"]
[Date "2012.03.27"]
[Round "6"]
[White "Fezzik"]
[Black "grabuark"]
[Result "1/2-1/2"]
[WhiteElo "2164"]
[BlackElo "2185"]
[Opening "King's Indian: orthodox, Aronin-Taimanov, 9.Ne1"]
[ECO "E98"]
[Time "21:33:13"]
[TimeControl "2700+45"]

1. d4 Nf6 2. c4 g6 3. Nc3 Bg7 4. e4 d6 5. Be2 O-O 6. Nf3 e5 7. O-O Nc6 8. d5 Ne7
9. Ne1 Nd7 10. Be3 f5 11. f3 f4 12. Bf2 g5 13. a4 a5 14. Nd3 b6 15. b4 axb4 16.
Nxb4 Nf6 17. Nd3 Ng6 18. a5 bxa5 19. c5 h5 20. Nb5 g4 21. Be1 gxf3 22. Bxf3 Ng4
23. Qa4 Ne3 {Game drawn by mutual agreement} 1/2-1/2

[Event "Team 45 45 League T52"]
[Site "Internet Chess Club"]
[Date "2012.03.24"]
[Round "6"]
[White "Tobiasdelmonte"]
[Black "Truxton"]
[Result "0-1"]
[WhiteElo "1799"]
[BlackElo "1881"]
[Opening "Sicilian defense"]
[ECO "B30"]
[Time "20:30:30"]
[TimeControl "2700+45"]

1. e4 c5 2. Nf3 Nc6 3. Nc3 g6 4. Bc4 Bg7 5. Ng5 Nh6 6. f4 d6 7. O-O O-O 8. d3
Bg4 9. Qe1 Nd4 10. Qf2 a6 11. h3 Bd7 12. Be3 e6 13. a4 b5 14. Ba2 b4 15. Nd1
Bxa4 16. c3 Nb3 17. Rb1 Qd7 18. d4 cxd4 19. cxd4 Na5 20. Rc1 Bb5 21. Re1 b3 22.
Bb1 Nc4 23. Kh1 Nxe3 24. Qxe3 Rab8 25. Nc3 Qa7 26. Rcd1 Bd7 27. g4 f5 28. gxf5
gxf5 29. Rg1 fxe4 30. Qxe4 Nf5 31. Nd5 exd5 32. Qxd5+ Kh8 33. Nf7+ Rxf7 34. Qxf7
Bc6+ 35. d5 Qxf7 36. dxc6 Ne3 {White resigns} 0-1

[Event "Team 45 45 League T52"]
[Site "Internet Chess Club"]
[Date "2012.03.25"]
[Round "6"]
[White "Portola"]
[Black "Goli"]
[Result "1-0"]
[WhiteElo "1753"]
[BlackElo "1812"]
[Opening "King's Indian: London system"]
[ECO "A48"]
[Time "17:00:26"]
[TimeControl "2700+45"]

1. d4 g6 2. Nf3 Nf6 3. Bf4 Bg7 4. h3 O-O 5. e3 d6 6. Bc4 Nc6 7. Nbd2 a6 8. a4
Nd7 9. c3 h6 10. Qc2 Kh7 11. O-O e5 12. Bg3 f5 13. dxe5 Ndxe5 14. Nxe5 Bxe5 15.
f4 Bg7 16. Nf3 Na5 17. Bd3 Be6 18. Nd4 Bxd4 19. cxd4 c5 20. dxc5 dxc5 21. Be2
Qe7 22. Qc3 Nb3 23. Rad1 c4 24. Qe5 Qf7 25. Rd6 Rfe8 26. Qc3 Rad8 27. Rfd1 Rxd6
28. Rxd6 Nc5 29. Bf3 Nxa4 30. Qd4 Qc7 31. Bh4 Qc5 32. Rd7+ Bxd7 33. Qxd7+ Re7
34. Bxe7 Qxe3+ 35. Kh1 Qc1+ 36. Bd1 g5 37. Qxf5+ Kg7 38. Bf6+ Kf7 39. Bxg5+ Kg7
40. Qf6+ Kg8 41. Qg6+ Kf8 42. Bxh6+ Ke7 43. Bg5+ Kd7 44. Qf7+ Kd6 45. Qe7+ Kd5
46. Qd7+ Ke4 47. Qxa4 Qxb2 48. Qxc4+ Ke3 49. f5+ Kf2 50. Qh4+ Kf1 51. Qf4+ Ke1
52. Qf3 Qxg2+ 53. Qxg2 {Black resigns} 1-0

[Event "Team 45 45 League T52"]
[Site "Internet Chess Club"]
[Date "2012.03.23"]
[Round "6"]
[White "Lucas"]
[Black "chess9793"]
[Result "0-1"]
[WhiteElo "2120"]
[BlackElo "2159"]
[Opening "King's Indian, 3.Nf3"]
[ECO "E60"]
[Time "19:01:13"]
[TimeControl "2700+45"]

1. d4 Nf6 2. Nf3 g6 3. c4 Bg7 4. b4 O-O 5. Bb2 d5 6. e3 a5 7. a3 b6 8. Qb3 axb4
9. axb4 Rxa1 10. Bxa1 dxc4 11. Bxc4 e6 12. O-O Bb7 13. Nbd2 Qd6 14. Bb2 Nc6 15.
Ba3 Ra8 16. h3 Ne7 17. Ne5 Nd7 18. Nef3 Bd5 19. Bb2 b5 20. Bxd5 Nxd5 21. Bc3
N7b6 22. Ne4 Qc6 23. Nc5 Nc4 24. Bb2 Nxb2 25. Qxb2 Ra7 26. Nd2 Qa8 27. e4 Ra2
28. Qc1 Nxb4 29. Ncb3 Rc2 30. Qb1 Qa3 31. d5 exd5 32. exd5 Rb2 33. Qd1 Nxd5 34.
Nc1 Nc3 35. Qg4 Rxd2 36. Re1 Rd8 37. Qf3 Qd6 38. Nb3 c5 39. Na5 Rc8 40. Nb7 Qc6
{White resigns} 0-1

[Event "Team 45 45 League T52"]
[Site "Internet Chess Club"]
[Date "2012.03.26"]
[Round "6"]
[White "elmaestro"]
[Black "sonoftill"]
[Result "0-1"]
[WhiteElo "1848"]
[BlackElo "1873"]
[Opening "Sicilian: accelerated fianchetto, modern variation"]
[ECO "B34"]
[Time "15:09:35"]
[TimeControl "2700+45"]

1. e4 c5 2. Nf3 Nc6 3. d4 cxd4 4. Nxd4 g6 5. Nc3 Bg7 6. Be3 Nf6 7. f3 O-O 8. Bc4
Qb6 9. Nd5 Nxd5 10. exd5 Nxd4 11. c3 Nc2+ 12. Qxc2 Qxe3+ 13. Be2 d6 14. Rd1 Bf5
15. Qb3 b5 16. g4 Bd7 17. Rd3 Qc1+ 18. Rd1 Qe3 19. Rd3 Qf4 20. Qd1 Rac8 21. O-O
Be5 22. Rf2 Rc5 23. Qe1 Rfc8 24. Bd1 a5 25. Re3 e6 26. Re4 Qc1 27. Rc2 Qh6 28.
dxe6 Bxe6 29. h4 Bd5 30. g5 Qg7 31. f4 Bxe4 32. Qxe4 Rc4 {White resigns} 0-1

[Event "Team 45 45 League T52"]
[Site "Internet Chess Club"]
[Date "2012.03.24"]
[Round "6"]
[White "matein7"]
[Black "leland"]
[Result "1-0"]
[WhiteElo "1829"]
[BlackElo "1826"]
[Opening "King's Indian: Torre attack"]
[ECO "A48"]
[Time "14:36:46"]
[TimeControl "2700+45"]

1. d4 Nf6 2. Nf3 g6 3. Bg5 Bg7 4. Nbd2 d5 5. e3 Bf5 6. c4 c6 7. Qb3 Qc8 8. Bxf6
Bxf6 9. cxd5 O-O 10. Rc1 Qd7 11. dxc6 Nxc6 12. Bb5 Be6 13. Qa4 a6 14. Bxc6 bxc6
15. Ne4 Bd5 16. Nxf6+ exf6 17. O-O Rfb8 18. b3 Rb5 19. Ne1 a5 20. f3 Re8 21. e4
Be6 22. Nd3 Rd8 23. d5 cxd5 24. Nc5 Qe8 25. Rfd1 Bd7 26. Qd4 Kg7 27. exd5 Qe7
28. d6 Qe5 29. Nxd7 Rxd7 30. Qxe5 fxe5 31. Rc7 Rd8 32. d7 Kf8 33. Kf2 Ke7 34.
Ke3 f5 35. Rd3 Ke6 36. a4 Rb4 37. Ra7 e4 38. fxe4 Rxe4+ 39. Kf3 Re5 40. Re3
Rxe3+ 41. Kxe3 Rb8 42. Rxa5 Rxb3+ 43. Kd4 Kxd7 44. Ra7+ Kd6 45. Kc4 Ra3 46. Kb5
Ra2 47. Rxh7 Rxg2 48. a5 Ke5 49. a6 Ra2 50. Rc7 Kf4 51. Rc4+ Kf3 52. Ra4 {Black
resigns} 1-0

[Event "Team 45 45 League T52"]
[Site "Internet Chess Club"]
[Date "2012.03.26"]
[Round "6"]
[White "browndeer"]
[Black "toukon"]
[Result "0-1"]
[WhiteElo "1450"]
[BlackElo "1752"]
[Opening "Sicilian: dragon, classical, 9.Nb3"]
[ECO "B74"]
[Time "21:00:12"]
[TimeControl "2700+45"]

1. e4 c5 2. Nf3 d6 3. d4 cxd4 4. Nxd4 Nf6 5. Nc3 g6 6. Be3 Bg7 7. Be2 O-O 8. O-O
Nc6 9. Nb3 Be6 10. Bf3 Ne5 11. Re1 Nxf3+ 12. Qxf3 a6 13. Bf4 Nd7 14. Qe3 Ne5 15.
Rab1 Rc8 16. Rbc1 Nc4 17. Qf3 Nxb2 18. Nd5 Nc4 19. Qg3 Re8 20. Qd3 Nb6 21. h3
Nxd5 22. exd5 Bf5 23. Qe2 Qb6 24. Be3 Qb4 25. Bd2 Qc4 26. Qxc4 Rxc4 27. c3 Bf6
28. Na5 Ra4 29. Nxb7 Rb8 30. Nxd6 exd6 31. Bf4 Rxf4 32. g3 Rc4 33. h4 Rxc3 34.
Rxc3 Bxc3 35. Rc1 Be5 36. Rc6 Rb1+ 37. Kh2 Be4 38. Kh3 Rh1+ 39. Kg4 h5+ 40. Kg5
Kg7 41. Rxd6 Bxd6 42. f4 f6# {White checkmated} 0-1

[Event "Team 45 45 League T52"]
[Site "Internet Chess Club"]
[Date "2012.03.27"]
[Round "6"]
[White "gsvc"]
[Black "Uwak"]
[Result "1/2-1/2"]
[WhiteElo "2383"]
[BlackElo "2462"]
[Opening "Sicilian: dragon, Yugoslav attack, 10.O-O-O"]
[ECO "B78"]
[Time "13:00:40"]
[TimeControl "2700+45"]

1. e4 c5 2. Nf3 d6 3. d4 cxd4 4. Nxd4 Nf6 5. Nc3 g6 6. Be3 Bg7 7. f3 Nc6 8. Qd2
O-O 9. Bc4 Bd7 10. O-O-O Rc8 11. Bb3 Nxd4 12. Bxd4 b5 13. Nd5 Nxd5 14. Bxg7 Kxg7
15. exd5 a5 16. a3 f6 17. Rhe1 h5 18. Qd4 Rc7 19. Rd2 Rf7 20. h3 Rb7 21. Rde2
Kg8 22. g4 h4 23. c3 Be8 24. f4 Qa8 25. g5 b4 26. axb4 fxg5 27. fxg5 axb4 28. c4
Qa7 29. Qe4 Rf5 30. Kd2 Rc7 31. Qxh4 Rf3 32. Re3 Rxe3 33. Rxe3 Qa1 34. Qd4 Qg1
35. Bd1 Qxg5 36. Bg4 Bf7 37. Kd3 Qf6 38. Rf3 Qxd4+ 39. Kxd4 Kg7 40. h4 Rb7 41.
Be6 Bxe6 42. dxe6 Rc7 43. Rf7+ Kh6 44. Rf8 g5 45. hxg5+ {Game drawn by mutual
agreement} 1/2-1/2

[Event "Team 45 45 League T52"]
[Site "Internet Chess Club"]
[Date "2012.03.24"]
[Round "6"]
[White "searchforbobby1"]
[Black "Bubacik"]
[Result "1-0"]
[WhiteElo "2173"]
[BlackElo "2183"]
[Opening "KP: Nimzovich defense, Bogolyubov variation"]
[ECO "B00"]
[Time "10:50:22"]
[TimeControl "2700+45"]

1. e4 Nc6 2. d4 d5 3. Nc3 dxe4 4. d5 Ne5 5. Qd4 Ng6 6. Bb5+ Bd7 7. Bc4 Nf6 8.
Nxe4 e5 9. Qd3 Bf5 10. Bb5+ Bd7 11. Bg5 Be7 12. Nxf6+ Bxf6 13. Bxf6 gxf6 14.
O-O-O a6 15. Bc4 f5 16. h4 Nxh4 17. d6 Ng6 18. dxc7 Qxc7 19. Bxf7+ Ke7 20. Bb3
e4 21. Qd4 Ne5 22. f4 Nf7 23. Bxf7 {Black resigns} 1-0

[Event "Team 45 45 League T52"]
[Site "Internet Chess Club"]
[Date "2012.03.24"]
[Round "6"]
[White "BlazekaMatej"]
[Black "boknoy"]
[Result "1-0"]
[WhiteElo "2171"]
[BlackElo "1949"]
[Opening "Caro-Kann: classical, Spassky variation"]
[ECO "B19"]
[Time "11:00:32"]
[TimeControl "2700+45"]

1. e4 c6 2. d4 d5 3. Nc3 dxe4 4. Nxe4 Bf5 5. Ng3 Bg6 6. h4 h6 7. Nf3 Nd7 8. h5
Bh7 9. Bd3 Bxd3 10. Qxd3 e6 11. Bf4 Qa5+ 12. Bd2 Qc7 13. O-O-O Ngf6 14. Ne4
O-O-O 15. g3 Nxe4 16. Qxe4 Nf6 17. Qe2 Bd6 18. c4 c5 19. Bc3 Rhe8 20. Kb1 Qc6
21. Rh4 Bc7 22. Ne5 Bxe5 23. Qxe5 Rd7 24. Rc1 b6 25. dxc5 Qxc5 26. Qxc5+ bxc5
27. Re1 Kb7 28. Bxf6 gxf6 29. Rf4 Ree7 30. Rxf6 Rd2 31. Rf1 Red7 32. Rxh6 Re2
33. Rf6 Rdd2 34. Rxf7+ Kb6 35. Ka1 Ka6 36. Rb1 Rxf2 37. Rxf2 Rxf2 38. Rh1 e5 39.
h6 {Black resigns} 1-0

[Event "Team 45 45 League T52"]
[Site "Internet Chess Club"]
[Date "2012.03.27"]
[Round "6"]
[White "screamingeagle"]
[Black "L0-VE"]
[Result "0-1"]
[WhiteElo "1994"]
[BlackElo "1967"]
[Opening "Caro-Kann: exchange variation"]
[ECO "B13"]
[Time "12:11:52"]
[TimeControl "2700+45"]

1. e4 c6 2. d4 d5 3. exd5 cxd5 4. Bd3 Nc6 5. c3 e5 6. dxe5 Nxe5 7. Bb5+ Nc6 8.
Nf3 Nf6 9. O-O Be7 10. Bf4 a6 11. Ba4 b5 12. Bc2 O-O 13. Nd4 Qb6 14. Nxc6 Qxc6
15. Nd2 Re8 16. Nb3 Bd6 17. Nd4 Qc7 18. Bxd6 Qxd6 19. Re1 Bd7 20. Qd3 b4 21. Bb3
a5 22. f3 Qb6 23. cxb4 a4 24. Bc2 Qxb4 25. Qc3 Qb6 26. Kf1 Rac8 27. Rxe8+ Nxe8
28. Qd2 Rxc2 29. Nxc2 Bb5+ 30. Ke1 Qg1# {White checkmated} 0-1

[Event "Team 45 45 League T52"]
[Site "Internet Chess Club"]
[Date "2012.03.25"]
[Round "6"]
[White "Zumbi"]
[Black "NFork"]
[Result "1-0"]
[WhiteElo "2155"]
[BlackElo "2152"]
[Opening "Ruy Lopez: Schliemann defense"]
[ECO "C63"]
[Time "16:11:28"]
[TimeControl "2700+45"]

1. e4 e5 2. Nf3 Nc6 3. Bb5 f5 4. d3 Nf6 5. O-O fxe4 6. dxe4 d6 7. Nc3 Bg4 8. Qd3
Be7 9. h3 Bh5 10. Ng5 Qd7 11. Bc4 Nd4 12. Be3 h6 13. Bxd4 exd4 14. Ne6 dxc3 15.
Nxg7+ Kd8 16. Be6 Qc6 17. e5 cxb2 18. Rab1 Ne4 19. Nxh5 Nc5 20. Qg6 Nxe6 21.
Qxe6 Qxc2 22. exd6 cxd6 23. Rfe1 Re8 24. Nf6 {Black resigns} 1-0

[Event "Team 45 45 League T52"]
[Site "Internet Chess Club"]
[Date "2012.03.24"]
[Round "6"]
[White "Ptzz"]
[Black "Pacini"]
[Result "0-1"]
[WhiteElo "2059"]
[BlackElo "2128"]
[Opening "Sicilian: accelerated fianchetto, Breyer variation"]
[ECO "B39"]
[Time "16:03:27"]
[TimeControl "2700+45"]

1. e4 c5 2. Nf3 g6 3. d4 cxd4 4. Nxd4 Bg7 5. c4 Nc6 6. Be3 Nf6 7. Nc3 Ng4 8.
Qxg4 Nxd4 9. Qd1 Ne6 10. Be2 Qa5 11. Qd2 Bxc3 12. bxc3 d6 13. O-O Bd7 14. f4 Bc6
15. Bf3 Nc5 16. Qd4 O-O-O 17. e5 Bxf3 18. gxf3 Ne6 19. Qxa7 Qxa7 20. Bxa7 Nxf4
21. Rfe1 Nd3 22. Re3 dxe5 23. Bb6 Rd7 24. Rb1 f6 25. Rb5 Nf4 26. Re1 Rd2 27.
Rc5+ Kd7 28. Rc7+ Ke6 29. Rxb7 Rxa2 30. Rd1 Rc8 31. c5 Ne2+ 32. Kf1 Nxc3 33.
Rdd7 Nd5 34. Ra7 Rxh2 35. Rdb7 h5 36. Ra6 Rc6 37. Ra8 Rb2 38. Rab8 g5 {White
resigns} 0-1

[Event "Team 45 45 League T52"]
[Site "Internet Chess Club"]
[Date "2012.03.22"]
[Round "6"]
[White "DreamCatcher13"]
[Black "Tobiasdelmonte"]
[Result "0-1"]
[WhiteElo "1883"]
[BlackElo "1826"]
[Opening "English: four knights, kingside fianchetto"]
[ECO "A29"]
[Time "00:08:39"]
[TimeControl "2700+45"]

1. c4 Nf6 2. Nc3 e5 3. Nf3 Nc6 4. g3 d5 5. cxd5 Nxd5 6. Bg2 Nb6 7. O-O Be7 8. a3
O-O 9. b4 Bg4 10. d3 Qd7 11. b5 Nd4 12. Nxe5 Qe6 13. Nxg4 Qxg4 14. Bxb7 Rab8 15.
Bg2 Bf6 16. h3 Qe6 17. Rb1 Rfe8 18. Ne4 Be7 19. e3 Nf5 20. Qg4 Rbd8 21. d4 Nd5
22. Nc5 Bxc5 23. dxc5 Nc3 24. Rb4 g6 25. Bb2 Nxg3 {White forfeits on time} 0-1

[Event "Team 45 45 League T52"]
[Site "Internet Chess Club"]
[Date "2012.03.22"]
[Round "6"]
[White "Fezzik"]
[Black "chess9793"]
[Result "1/2-1/2"]
[WhiteElo "2163"]
[BlackElo "2143"]
[Opening "Grünfeld: 4.Bf4"]
[ECO "D82"]
[Time "22:04:16"]
[TimeControl "2700+45"]

1. d4 Nf6 2. c4 g6 3. Nc3 d5 4. Bf4 Bg7 5. e3 c5 6. dxc5 Qa5 7. Rc1 dxc4 8. Bxc4
O-O 9. Ne2 Qxc5 10. Qb3 Nc6 11. Nb5 Qh5 12. Ng3 Qh4 13. Nc7 e5 14. Bxe5 Nxe5 15.
Nxa8 b6 16. Nc7 Bb7 17. Bd5 Nxd5 18. Nxd5 Bxd5 19. Qxd5 Rd8 20. Qb3 Nd3+ 21. Ke2
Nxc1+ 22. Rxc1 {Game drawn by mutual agreement} 1/2-1/2

[Event "Team 45 45 League T52"]
[Site "Internet Chess Club"]
[Date "2012.03.24"]
[Round "6"]
[White "ben622"]
[Black "browndeer"]
[Result "1-0"]
[WhiteElo "2020"]
[BlackElo "1437"]
[Opening "Ruy Lopez: 5.O-O"]
[ECO "C78"]
[Time "21:00:10"]
[TimeControl "2700+45"]

1. e4 e5 2. Nf3 Nc6 3. Bb5 a6 4. Ba4 Nf6 5. O-O b5 6. Bb3 Bc5 7. c3 d6 8. d4 Bb6
9. h3 O-O 10. Re1 Re8 11. Ng5 Rf8 12. a4 h6 13. axb5 Ne7 14. dxe5 dxe5 15. Qxd8
Rxd8 16. Nxf7 Rf8 17. Nxe5+ Kh8 18. Be3 Bxe3 19. Rxe3 Bb7 20. bxa6 Rxa6 21. Rxa6
Bxa6 22. Nd2 Rb8 23. Bc4 Bxc4 24. Ndxc4 g5 25. Ng4 Nxg4 26. hxg4 Ng6 27. Rd3 Nf4
28. Rd7 Rc8 29. g3 Ne6 30. Ne5 Rd8 31. Nf7+ Kg8 32. Nxd8 Nxd8 33. Rxd8+ Kf7 34.
Rd7+ Ke6 35. Rxc7 Ke5 36. f3 Kd6 37. Rh7 Kc5 38. Rxh6 Kc4 39. Kf2 Kb3 40. Ke2
Kxb2 41. Kd3 Kb3 42. Rb6+ Ka4 43. Kc4 Ka5 44. Rc6 Ka4 45. Ra6# {Black
checkmated} 1-0